 Dungeon Sprint DCSS version 0.27-a0-695-gb4952372f7 (webtiles) character file.

Game seed: 10893749943151292690

93 mhtbhm the Cudgeller (level 4, -13/48 HPs)
             Began as a Naga Berserker on Mar 21, 2021.
             Was a Priest of Trog.
             Shot with an arrow by a centaur (17 damage)
             ... in the Dungeon (Sprint IX: "|||||||||||||||||||||||||||||").
             The game lasted 00:00:33 (156 turns).

mhtbhm the Cudgeller (Naga Berserker)                Turns: 156, Time: 00:00:33

Health: -13/48     AC:  2    Str: 21    XL:     4   Next: 61%
Magic:  4/4        EV: 10    Int:  7    God:    Trog [***...]
Gold:   0          SH:  0    Dex: 10    Spells: 3/3 levels left

rFire    . . .     SeeInvis +   a - +0 mace
rCold    . . .     Faith    .   (no shield)
rNeg     . . .     Spirit   .   b - +0 animal skin
rPois    +         Reflect  .   (no helmet)
rElec    .         Harm     .   (no cloak)
rCorr    .         Rampage  .   (no gloves)
Will     .....     NoTele   +   (no barding)
Stlth    +.........             (no amulet)
HPRegen  0.16/turn              (no ring)
MPRegen  0.09/turn              (no ring)

@: lethally poisoned (-13 -> -15), short of breath, hasted, quick
A: AC +1, large, see invisible, deformed body, poison resistance, slowness 2,
spit poison 1, naga tail 1
a: Spit Poison, Renounce Religion, Berserk, Trog's Hand


You were in the Dungeon.
You worshipped Trog.
Trog was most pleased with you.
You visited 1 branch

Inventory:

Hand Weapons
 a - a +0 mace (weapon)
Armour
 b - a +0 animal skin (worn)
Scrolls
 h - a scroll of blinking
Potions
 f - 2 potions of magic
 g - a potion of berserk rage


   Skills:
 + Level 5.9 Fighting
 + Level 6.4 Maces & Flails
 + Level 2.4 Armour
 + Level 2.9 Dodging
 + Level 1.3 Stealth


You had 3 spell levels left.
You didn't know any spells.
Your spell library was empty.

Dungeon Overview and Level Annotations

Branches:
Dungeon (1/1)

Altars:


Innate Abilities, Weirdness & Mutations

Your serpentine skin is tough. (AC +1)
You have supernaturally acute eyesight. (SInv)
Armour fits poorly on your strangely shaped body.
Your system is resistant to poisons. (rPois)
You cover ground very slowly.
You can spit poison.
You have a snake-like lower body.


Message History

Unknown command.
You feel sick.
You have got your breath back.
The adder bites you but does no damage.
You feel sick.
There is an open door to the Dungeon here.
Things that are here:
a +0 club; a hobgoblin corpse; a goblin corpse You closely miss the adder.
The adder bites you but does no damage.
You closely miss the adder. The adder barely misses you.
You barely miss the adder. The adder bites you.
* * * LOW HITPOINT WARNING * * *
You barely miss the adder. The adder bites you but does no damage.
Unknown command.
Press: ? - help, Shift-Dir - straight line, f - adder
Aim: an adder The splash of poison hits the adder!
The adder is poisoned.
The adder is almost dead.
You feel sick. The adder bites you.
* * * LOW HITPOINT WARNING * * *
Unknown command.
Unknown command.
You hit the adder but do no damage.
The adder is almost dead.
The adder closely misses you.
Unknown command.
You hit the adder but do no damage.
The adder is almost dead.
Unknown command.
You closely miss the adder.
The adder is almost dead.
The adder bites you.
* * * LOW HITPOINT WARNING * * *
Unknown command.
You thump the adder!
You kill the adder!
Trog accepts your kill.
The centaur wields a +0 shortbow.
The centaur shoots an arrow.
The arrow hits you!
You die...

▓▓▓
▓<▓
▓.▓
▓.▓
▓.▓
▓@▓
▓.▓
▓c▓
▓O▓
▓.▓
▓.▓
▓)▓
▓.▓
▓.▓


You could see an ogre and a centaur.

Vanquished Creatures
  A centaur (D)
  2 adders (D)
  A bat (D)
  A goblin (D)
  A hobgoblin (D)
  2 rats (D)
8 creatures vanquished.

Notes
Turn   | Place    | Note
-------+----------+-------------------------------------------
     0 | D        | mhtbhm the Naga Berserker began the quest for the Orb.
     0 | D        | Reached XP level 1. HP: 21/21 MP: 1/1
    14 | D        | Reached ** piety under Trog
   132 | D        | Noticed a centaur
   132 | D        | Noticed a centaur
   132 | D        | Noticed an ogre
   137 | D        | Killed a centaur
   138 | D        | Reached skill level 5 in Fighting
   138 | D        | Reached skill level 6 in Maces & Flails
   138 | D        | Reached skill level 1 in Stealth
   138 | D        | Reached XP level 2. HP: 7/33 MP: 2/2
   138 | D        | Reached XP level 3. HP: 8/40 MP: 3/3
   138 | D        | Reached XP level 4. HP: 10/48 MP: 4/4
   141 | D        | Reached *** piety under Trog
   156 | D        | Shot with an arrow by a centaur

Illustrated notes

Levels and vault maps discovered:
D:        linesprint [early_d, line_temple, items_1, d_10, items_2, lair_1,
          lair_end, items_3, orc_1, orc_end, items_4, d_15, swamp_1, shoals_1,
          snake_1, spider_1, d_20, vaults_1, items_5, swamp_end, shoals_end,
          snake_end, spider_end, vaults_end, d_27, items_6, zot_1, zot_end,
          crypt_end, forest_end, elf_end, slime_end, tomb_end, abyss_end,
          pan_hell_end]

Skill      XL: |  1 |
---------------+----+-----
Fighting       | 5 |  5.9
Maces & Flails | 6 |  6.4
Armour         | 2 |  2.4
Dodging        | 2 |  2.9
Stealth        | 1 |  1.3

Action                   |  1- 3 |  4- 6 || total
-------------------------+-------+-------++-------
Melee: Mace              |    17 |    10 ||    27
 Abil: Spit Poison       |     1 |     2 ||     3
  Use: Potion            |     1 |     2 ||     3
Armor: Animal skin       |     4 |     3 ||     7
Dodge: Dodged            |    17 |     5 ||    22

Table legend: (Time is in decaauts)
 A = Elapsed time spent in this place.
 B = Non-inter-level travel time spent in this place.
 C = Inter-level travel time spent in this place.
 D = Time resting spent in this place.
 E = Time spent auto-exploring this place.
 F = Levels seen in this place.
 G = Mean time per level.
                   A        B        C        D        E       F      G
               +--------+--------+--------+--------+--------+-----+--------+
         Total |    161 |    161 |      0 |    108 |      4 |   1 |  161.0 |
       Dungeon |    161 |    161 |      0 |    108 |      4 |   1 |  161.0 |
               +--------+--------+--------+--------+--------+-----+--------+

Top non-repeatable levels by time:
       D: 161 daAuts
